 Dungeon Crawl Stone Soup version 0.29.1-13-g9f3cf754e1 (webtiles) character file.

Game seed: 8366961737414515887

29 Thatpatchoflichen the Trooper (level 3, -1/37 HPs)
             Began as an Ogre Gladiator on Jan 22, 2023.
             Slain by an iron imp (7 damage)
             ... summoned by Natasha
             ... on level 2 of the Dungeon.
             The game lasted 00:04:17 (1575 turns).

Thatpatchoflichen the Trooper (Ogre Gladiator)      Turns: 1575, Time: 00:04:17

Health: -1/37      AC:  3    Str: 20    XL:     3   Next: 16%
Magic:  3/3        EV: 10    Int:  9    God:
Gold:   56         SH:  0    Dex: 10    Spells: 2/2 levels left

rFire   . . .      SeeInvis .   a - +0 flail
rCold   . . .      Faith    .   (no shield)
rNeg    . . .      Spirit   .   i - +0 robe
rPois   .          Reflect  .   c - +0 hat
rElec   .          Harm     .   (no cloak)
rCorr   .          Rampage  .   (gloves unavailable)
Will    .....                   (boots unavailable)
Stlth   +.........              (no amulet)
HPRegen 0.12/turn               (no ring)
MPRegen 0.08/turn               (no ring)

@: no status effects
A: large, unfitting armour, tough skin 1
a: no special abilities


You were on level 2 of the Dungeon.
You visited 1 branch of the dungeon, and saw 2 of its levels.

You collected 56 gold pieces.

Inventory:

Hand Weapons
 a - a +0 flail (weapon)
Missiles
 d - 3 throwing nets (quivered)
 e - a large rock
 h - 3 poisoned darts
Armour
 c - a +0 hat (worn)
 i - a +0 robe (worn)
Jewellery
 j - a ring of resist corrosion
Scrolls
 b - a scroll of identify {unknown}
 f - a scroll of blinking {unknown}
Potions
 g - a potion of might {unknown}


   Skills:
 + Level 3.5 Fighting
 + Level 3.1 Maces & Flails
 - Level 2.0 Throwing
 + Level 3.1 Dodging


You had 2 spell levels left.
You didn't know any spells.
Your spell library was empty.

Dungeon Overview and Level Annotations

Branches:
Dungeon (2/15)

Altars:

Shops:
D:2 *

Annotations:
D:2 Natasha


Innate Abilities, Weirdness & Mutations

You are too large for most types of armour.
You have tough skin. (AC +1)


Message History

Natasha hisses angrily.
Natasha is nearby!
Natasha closely misses you.
You hit Natasha.
Natasha is moderately wounded.
Natasha claws you. Natasha claws you but does no damage.
You closely miss Natasha.
Natasha is moderately wounded.
Natasha claws you.
You hit Natasha.
Natasha is moderately wounded.
Natasha stares at you and mumbles some strange words.
The magic dart hits you.
You barely miss Natasha.
Natasha is moderately wounded.
Natasha stares at you and mumbles some strange words.
The magic dart hits you.
You miss Natasha.
Natasha is moderately wounded.
Natasha barely misses you. Natasha closely misses you.
You closely miss Natasha.
Natasha is moderately wounded.
Natasha casts a spell.
You barely miss Natasha.
Natasha is moderately wounded.
Natasha claws you.
You hit Natasha.
Natasha is heavily wounded.
The iron imp closely misses you.
Natasha casts a spell.
You barely miss Natasha.
Natasha is heavily wounded.
Natasha howls an incantation.
Natasha's front paws start to glow.
Natasha claws you.
* * * LOW HITPOINT WARNING * * *
The iron imp barely misses you. Natasha claws you.
* * * LOW HITPOINT WARNING * * *
The iron imp hits you!
You die...

#........#.##
#...####..#..##.#
#..# #........#
.. #..###....
##..# .. ##.##
#..###.# #......#
#@5....# #h5....#
#......# #......#
#.....## #######


You could see an iron imp (summoned), Natasha and a shadow imp (summoned).

Vanquished Creatures
  A dart slug (D:1)
  4 ball pythons (D:1)
  An endoplasm (D:1)
  2 giant cockroaches (D:1)
  2 goblins (D:1)
  3 hobgoblins
  5 jackals
  2 quokkas
  A bat (D:1)
21 creatures vanquished.

Vanquished Creatures (others)
  2 plants (D:1)
2 creatures vanquished.

Grand Total: 23 creatures vanquished

Notes
Turn   | Place    | Note
-------+----------+-------------------------------------------
     0 | D:1      | Thatpatchoflichen the Ogre Gladiator began the quest for
                  | the Orb.
     0 | D:1      | Reached XP level 1. HP: 22/22 MP: 1/1
   269 | D:1      | Found a faded altar of an unknown god.
   269 | D:1      | Noticed a cacodemon
   292 | D:1      | Reached XP level 2. HP: 31/31 MP: 2/2
  1189 | D:2      | Found Hijum's Assorted Antiques.
  1205 | D:2      | Reached XP level 3. HP: 25/37 MP: 3/3
  1563 | D:2      | Noticed Natasha
  1575 | D:2      | Slain by an iron imp

Illustrated notes

Levels and vault maps discovered:
D:1:      evilmike_arrival_rings, layout_loops_ring,
          dreamdust_ecumenical_altar_sealed_demon, serial_bayou_lagoon_b
D:2:      layout_rooms, serial_shops, shop_fountains, uniq_natasha,
          uniq_sigmund, uniq_terence

Skill      XL: |  1  2 |
---------------+-------+-----
Fighting       | 3 |  3.5
Maces & Flails | 3 |  3.1
Dodging        | 3 |  3.1
Throwing       | |  2.0

Action                   || total
-------------------------++-------
Melee: Flail             ||    82
Armor: Robe              ||    34
Dodge: Dodged            ||    52
